AoeStats
← JoeyDeez

Lombardia

509768445Analyzed
2v2 RM · 4d ago on Sep 27, 2026· 51m 6s· 4 players
Game mode
Random Map
Map size
Medium (4 player)
Population
200
Speed
Normal
Resources
Standard
Victory
Conquest
Starting age
Dark Age
Ending age
Imperial Age
RankedLock teamsTeams togetherTeam positionsShared explorationLock speedFull tech treeHidden civsTurbo modeCheats
Victory
Defeat
🇬🇧 Portuguese · United Kingdom
795
+9
🇳🇱 Goths · Netherlands
620
+16
🇧🇷 Wu · Brazil
645
-13
🇧🇷 Aztecs · Brazil
614
-12
JoeyDeez
12:00 Feudal Age
13:10 Double-Bit Axe
16:06 Castle Age
14:37 Horse Collar
17:20 Heavy Plow
21:36 Fletching
28:36 Stone Mining
29:02 Bow Saw
29:49 Bodkin Arrow
30:05 Padded Archer Armor
32:21 Caravan
33:39 Ballistics
36:53 Imperial Age
34:27 Gold Mining
37:18 Leather Archer Armor
37:45 Elite Organ Gun
39:07 Bracer
40:12 Chemistry
40:29 Stone Shaft Mining
40:53 Arquebus
smithy
11:06 Feudal Age
11:35 Double-Bit Axe
12:27 Wheelbarrow
13:46 Horse Collar
19:34 Castle Age
18:45 Forging
20:38 Hand Cart
20:25 Heavy Plow
20:36 Bow Saw
23:07 Stone Mining
24:01 Forging
26:35 Scale Mail Armor
26:49 Loom
26:32 Pikeman
33:09 Anarchy
34:19 Caravan
34:38 Chain Mail Armor
35:43 Treadmill Crane
36:37 Coinage
36:44 Iron Casting
40:38 Imperial Age
38:24 Town Watch
40:31 Town Patrol
40:41 Padded Archer Armor
41:17 Masonry
42:24 Two-Man Saw
41:56 Crop Rotation
41:22 Gold Mining
42:09 Stone Shaft Mining
42:53 Blast Furnace
44:47 Leather Archer Armor
45:37 Chemistry
44:10 Capped Ram
44:14 Elite Huskarl
45:07 Perfusion
45:28 Murder Holes
48:38 Banking
49:09 Ring Archer Armor
Luan
11:26 Feudal Age
11:59 Double-Bit Axe
11:57 Horse Collar
14:27 Wheelbarrow
15:58 Gold Mining
20:22 Castle Age
19:01 Arson
20:28 Loom
21:19 Bow Saw
21:12 Heavy Plow
21:50 Gold Shaft Mining
21:07 Town Watch
22:23 Stone Mining
23:38 Hand Cart
25:11 Stone Shaft Mining
28:57 Fletching
29:10 Padded Archer Armor
30:21 Bodkin Arrow
30:41 Leather Archer Armor
32:15 Forging
32:08 Scale Mail Armor
35:23 Murder Holes
35:09 Treadmill Crane
35:54 Ballistics
35:25 Heated Shot
35:46 Masonry
37:52 Red Cliffs Tactics
42:22 Imperial Age
41:20 Town Patrol
42:24 Onager
42:32 Elite Fire Archer
45:15 Chemistry
47:33 Light Cavalry
erikedulueders
11:47 Feudal Age
12:44 Double-Bit Axe
14:04 Man-at-Arms
14:44 Horse Collar
15:23 Gold Mining
23:24 Castle Age
24:54 Bow Saw
25:02 Heavy Plow
24:26 Eagle Warrior
25:20 Forging
25:11 Scale Mail Armor
26:39 Iron Casting
25:55 Fletching
26:06 Padded Archer Armor
26:38 Loom
28:29 Gold Shaft Mining
27:44 Stone Mining
27:45 Town Watch
29:52 Chain Mail Armor
31:37 Wheelbarrow
33:03 Bodkin Arrow
32:33 Elite Skirmisher
36:42 Hand Cart
36:33 Town Patrol
37:11 Leather Archer Armor
41:19 Imperial Age
41:05 Stone Shaft Mining
42:49 Bracer
42:23 Onager
50:42 Elite Jaguar Warrior
Connection lost

Rejoining the realm…

Still unreachable

The connection could not be restored.

Session expired

The server has moved on; the page needs a fresh start.